 Dungeon Crawl Stone Soup version 0.29.1-15-g9cfb28693d (webtiles) character file.

Game seed: 7345206585212642959

1061 H0rd4k the Insei (level 8, 0/55 HPs)
             Began as an Octopode Artificer on Mar 15, 2023.
             Succumbed to a kobold brigand's curare-tipped dart
             ... on level 6 of the Dungeon.
             The game lasted 00:05:00 (5834 turns).

H0rd4k the Insei (Octopode Artificer)               Turns: 5834, Time: 00:05:00

Health: 0/55       AC:  1    Str: 12    XL:     8   Next: 27%
Magic:  14/14      EV: 13    Int: 21    God:
Gold:   287        SH:  0    Dex: 12    Spells: 15/15 levels left

rFire   x . .      SeeInvis .     - Unarmed
rCold   + . .      Faith    .   (no shield)
rNeg    . . .      Spirit   .   (helmet restricted)
rPois   .          Reflect  .   r - amulet of regeneration
rElec   .          Harm     .   f - +6 ring of intelligence
rCorr   .          Rampage  .   h - ring of ice
Will    .....                   (no ring)
Stlth   +++.......              (no ring)
HPRegen 0.98/turn               (no ring)
MPRegen 0.14/turn               (no ring)
                                (no ring)
                                (no ring)

@: lethally poisoned (0 -> -10), studying Throwing
A: almost no armour, amphibious, 8 rings, camouflage 1, gelatinous body 1,
(nimble swimmer 1), tentacles
a: no special abilities


You were on level 6 of the Dungeon.
You visited 2 branches of the dungeon, and saw 7 of its levels.

You collected 287 gold pieces.

Inventory:

Missiles
 k - 14 poisoned darts (quivered)
 o - 5 boomerangs of dispersal
Jewellery
 f - a +6 ring of intelligence (left tentacle)
 h - a ring of ice (right tentacle)
 r - an amulet of regeneration (around mantle)
Wands
 b - a wand of flame (15)
 c - a wand of charming (11)
 d - a wand of iceblast (5)
 s - a wand of quicksilver (8)
Scrolls
 a - a scroll of blinking {unknown}
 e - 6 scrolls of identify {unknown}
 g - a scroll of magic mapping {unknown}
 j - a scroll of summoning {unknown}
 n - 3 scrolls of teleportation {unknown}
 q - a scroll of fear {unknown}
 u - a scroll of silence {unknown}
 v - a scroll of acquirement {unknown}
 y - a scroll of vulnerability {unknown}
 A - a scroll of enchant armour {unknown}
Potions
 i - 2 potions of cancellation
 l - 2 potions of curing {unknown}
 m - 2 potions of might {unknown}
 p - a potion of lignification {unknown}
 t - 2 potions of flight {unknown}
 w - a potion of brilliance {unknown}
 x - a potion of invisibility {unknown}
 z - a potion of ambrosia {unknown}


   Skills:
 + Level 5.0 Fighting
 - Level 2.3 Dodging
 - Level 1.3 Stealth
 - Level 6.0 Unarmed Combat
 * Level 4.2 Spellcasting
 - Level 3.2 Evocations


You had 15 spell levels left.
You didn't know any spells.
Your spell library contained the following spells:

 Spells                   Type           Power      Damage    Failure   Level
 Sting                    Tmut/Pois      16%        1d3       12%         1
 Poisonous Vapours        Pois/Air       8%         N/A       19%         2
 Ozocubu's Armour         Ice            6%         N/A       34%         3
 Olgreb's Toxic Radiance  Pois           4%         N/A       75%         4
 Metabolic Englaciation   Hex/Ice        3%         N/A       97%         5
 Simulacrum               Ice/Necr       3%         N/A       100%        6


Dungeon Overview and Level Annotations

Branches:
Dungeon (6/15)             Temple (1/1) D:4

Altars:
Ashenzari
Dithmenos
Fedhas
Hepliaklqana
Kikubaaqudgha
Makhleb
Nemelex Xobeh
Okawaru
Qazlal
Sif Muna
Trog
Uskayaw
Xom
Zin
The Shining One

Shops:
D:3 ?

Annotations:
D:5 1 runed translucent door, exclusions: ogre and water moccasin, Crazy Yiuf


Innate Abilities, Weirdness & Mutations

You cannot wear most types of armour.
You are amphibious.
You can wear up to eight rings at the same time.
Your skin changes colour to match your surroundings (Stealth+).
Your rubbery body absorbs attacks. (AC +1, EV +1)
((You are camouflaged when in or above water. (Stealth+)))
You have tentacles for arms and can constrict up to eight enemies at once.


Message History

The kobold brigand hits you with a +0 short sword.
The kobold brigand completely misses you.
The kobold hits you with a +0 whip.
You are too injured to fight recklessly!
You are too injured to fight recklessly!
Unknown command.
Aiming: Charm
Press: ? - help, Shift-Dir - straight line, f - scorpion
Aim: a scorpion (chance to affect: 57%)
The scorpion resists with significant effort.
The orc closely misses you. The kobold brigand barely misses you.
The kobold barely misses you.
Unknown command.
Aiming: Charm
Press: ? - help, Shift-Dir - straight line, f/p - scorpion
Aim: a scorpion (chance to affect: 57%)
The scorpion is charmed.
The bullfrog hits you! The orc hits you with a +0 whip.
The kobold hits you with a +0 whip.
* * * LOW HITPOINT WARNING * * *
The kobold brigand closely misses you. The bullfrog closely misses you.
The orc hits you with a +0 whip.
* * * LOW HITPOINT WARNING * * *
The kobold brigand closely misses you. The kobold closely misses you.
You swap places.
The bullfrog hits your scorpion. x2
The orc closely misses you.
The kobold brigand throws a curare-tipped dart.
The curare-tipped dart barely misses your scorpion.
The curare-tipped dart hits you.
You are poisoned.
You have difficulty breathing.
* * * LOW HITPOINT WARNING * * *
You feel as though you will be slow longer.
The kobold hits your scorpion but does no damage.
Your scorpion closely misses the kobold.
The bullfrog hits your scorpion.
It was a potion of cancellation.
Your magical effects are unravelling.
You feel magically purged.
You feel yourself speed up.
You die...

...K.........♣..♣.<........
....K...........♣†.........
.......K......_.♣..##...##.
.......#........♣†####.##..
......K#.K..#♣..♣..##..#...
......KK.....♣♣♣♣.####.....
......####.......####......
^.......####K###.#.....#...
..........@sK##.....#.####.
...........oF......##..##..
.. ................#..## #.
. .########....#...... ##
#...##...#.. #
#....#...##.. #
#............###
#...##.......... .....


You could see a kobold brigand, a bullfrog, an orc, a kobold (ally target) and a
friendly scorpion (charmed).

Vanquished Creatures
  A hornet (D:4)
  A yak (D:4)
  A black bear (D:5)
  A phantom (D:4)
  A necrophage (D:6)
  2 scorpions
  4 hounds
  3 iguanas
  An orc wizard (D:4)
  4 adders
  A white imp (D:5)
  4 worms
  2 dart slugs
  11 orcs
  2 bat zombies (D:3)
  4 endoplasms
  6 giant cockroaches
  6 goblins
  3 hobgoblins
  8 jackals
  3 quokkas
  8 ball pythons
  6 bats
  13 kobolds
  6 rats
  A rat zombie (D:3)
103 creatures vanquished.

Vanquished Creatures (others)
  A scorpion (D:4)
  An orc priest (D:5)
  A plant (D:2)
3 creatures vanquished.

Grand Total: 106 creatures vanquished

Notes
Turn   | Place    | Note
-------+----------+-------------------------------------------
     0 | D:1      | H0rd4k the Octopode Artificer began the quest for the Orb.
     0 | D:1      | Reached XP level 1. HP: 13/13 MP: 1/1
   336 | D:1      | Reached XP level 2. HP: 15/18 MP: 2/2
   810 | D:1      | Found a faded altar of an unknown god.
   846 | D:1      | Reached skill level 1 in Spellcasting
  1109 | D:1      | Reached skill level 1 in Unarmed Combat
  1390 | D:1      | Reached XP level 3. HP: 20/24 MP: 4/4
  2401 | D:3      | Reached XP level 4. HP: 18/30 MP: 6/6
  2581 | D:3      | Reached skill level 2 in Unarmed Combat
  2581 | D:3      | Found an ancient bone altar of Kikubaaqudgha.
  2658 | D:3      | Found a sparkling altar of Nemelex Xobeh.
  2913 | D:3      | Reached XP level 5. HP: 13/35 MP: 7/7
  3519 | D:3      | Found Sufee's Magic Scroll Boutique.
  3901 | D:4      | Found a staircase to the Ecumenical Temple.
  3919 | D:4      | Reached skill level 3 in Unarmed Combat
  3923 | Temple   | Entered the Ecumenical Temple
  4373 | D:4      | Noticed a hornet
  4374 | D:4      | Noticed a yak
  4375 | D:4      | Killed a hornet
  4376 | D:4      | Reached skill level 4 in Unarmed Combat
  4376 | D:4      | Reached XP level 6. HP: 42/42 MP: 9/9
  4381 | D:4      | Killed a yak
  4382 | D:4      | Reached skill level 5 in Unarmed Combat
  4382 | D:4      | Reached XP level 7. HP: 36/47 MP: 9/11
  4693 | D:5      | Entered Level 5 of the Dungeon
  4873 | D:5      | Reached skill level 6 in Unarmed Combat
  5007 | D:5      | Reached XP level 8. HP: 54/54 MP: 13/13
  5053 | D:5      | Found a stormy altar of Qazlal.
  5053 | D:5      | Found a broken altar of Ashenzari.
  5544 | D:5      | Found a runed translucent door.
  5545 | D:5      | Noticed Crazy Yiuf
  5783 | D:6      | Reached skill level 5 in Fighting
  5814 | D:6      | Found a blossoming altar of Fedhas.
  5834 | D:6      | Succumbed to a kobold brigand's curare-tipped dart

Illustrated notes

Levels and vault maps discovered:
D:1:      nzn_arrival_settlement, layout_loops_ring,
          dreamdust_ecumenical_altar_statues, kennysheep_pointless_box
D:2:      layout_basic, chequers_big_river, minmay_misc_feat_four_crosses,
          grunt_decor_one_mirror, kennysheep_decorative_pillar,
          ebering_dispersal_statue_hall, chequers_serial_rivers_micro_a,
          supply_closet_lemuel
D:3:      corexii_shack_village, layout_loops_ring,
          mainiacjoe_overflow_concentric_impassable,
          lemuel_zombie_altar_kikubaaqudgha, serial_shops, nicolae_square_shop,
          chequers_serial_rivers_small_3
D:4:      layout_loops_ring, minmay_temple_entry_glass, minmay_manual_mail
D:5:      layout_basic, gammafunk_temple_overflow_elements, serial_bayou_pond_b,
          uniq_crazy_yiuf_cottage
D:6:      layout_cave_pools, marbit_many_paths, mainiacjoe_overflow_alcove_1,
          palyth_stone_intersect, minmay_puff, uniq_blork_the_orc
Temple:   hellmonk_temple_micro_hex

Skill      XL: |  1  2  3  4  5  6  7  8 |
---------------+-------------------------+-----
Spellcasting   | 1 2 3 4 |  4.2
Unarmed Combat | 1 2 4 5 6 |  6.0
Fighting       | 2 3 4 5 |  5.0
Dodging        | |  2.3
Stealth        | |  1.3
Evocations     | |  3.2

Action                   |  1- 3 |  4- 6 |  7- 9 || total
-------------------------+-------+-------+-------++-------
Melee: Unarmed           |   117 |    73 |   108 ||   298
       Constrict         |    33 |    22 |    25 ||    80
       Tentacles         |    26 |    22 |    33 ||    81
       Punch             |     2 |     4 |     9 ||    15
Evoke: Wand              |       |     4 |     3 ||     7
  Use: Potion            |       |       |     1 ||     1
 Stab: Sleeping          |     7 |     6 |     4 ||    17
Armor: Skin              |    15 |     4 |     4 ||    23
Dodge: Dodged            |    81 |    36 |    93 ||   210
